General information
- name: BNet
- type: Ladder team game (AT/RT)
- host: Battle.net
- saver: ImNotAFK
map: Mur'gulOasis
- players: 8
- length: 39:15
- speed: Fast
- version: 1.28 W3XP
- replay type: Public
» download(336 KB)
Players
team 1 (winner)
|R|R|n|n|R (
green | 90 APM | 3533 actions | 39:14)
10 Mountain King
3 Storm Bolt
3 Bash
1 Avatar
3 Thunder Clap
» actions
| Assign group hotkey | 124 | |
| Basic commands | 79 | |
| Build / train | 120 | |
| ESC pressed | 12 | |
| Enter build submenu | 25 | |
| Enter hero's abilities submenu | 10 | |
| Give item / drop item | 8 | |
| Right click | 1542 | |
| Select / deselect | 394 | |
| Select group hotkey | 1073 | |
| Use ability | 146 | |
3533 total
» units
» upgrades
| Long Rifles | 1 | |
| Gunpowder | 3 | |
| Masonry | 3 | |
| Armor | 2 | |
9 total
» buildings
| Altar of Kings | 1 | |
| Farm | 11 | |
| Blacksmith | 1 | |
| Barracks | 1 | |
| Arcane Vault | 1 | |
| Keep | 1 | |
| Scout Tower | 5 | |
| Castle | 1 | |
| Lumber Mill | 1 | |
| Guard Tower | 3 | |
26 total
» build order
00:04 Altar of Kings
00:07 Farm
00:43 Farm
01:21 Blacksmith
01:37 Barracks
01:57 Farm
02:38 Farm
03:37 Farm
04:00 Arcane Vault
04:13 Farm
05:10 Farm
05:38 Farm
06:22 Keep
09:02 Scout Tower
09:02 Scout Tower
09:03 Scout Tower
09:07 Castle
09:49 Lumber Mill
10:06 Guard Tower
10:06 Guard Tower
11:30 Scout Tower
11:34 Scout Tower
13:01 Guard Tower
15:14 Farm
15:15 Farm
15:16 Farm
» items
| Scroll of Regeneration | 3 | |
| Lesser Clarity Potion | 5 | |
| Scroll of Town Portal | 5 | |
| Potion of Mana | 7 | |
| Scroll of Healing | 1 | |
| Potion of Healing | 2 | |
| Orb of Fire | 1 | |
24 total
JBGarrison72 (
purple | 42 APM | 1663 actions | 39:14)
8 Priestess of the Moon
3 Searing Arrows
3 Trueshot Aura
1 Starfall
1 Scout
1 Keeper of the Grove
1 Entangling Roots
» actions
| Basic commands | 286 | |
| Build / train | 91 | |
| Enter build submenu | 42 | |
| Enter hero's abilities submenu | 9 | |
| Give item / drop item | 1 | |
| Remove unit from queue | 4 | |
| Right click | 506 | |
| Select / deselect | 626 | |
| Use ability | 98 | |
1663 total
» units
» upgrades
| Strength of the Moon | 1 | |
| Nature's Blessing | 1 | |
| Ultravision | 1 | |
| Improved Bows | 1 | |
| Abolish Magic | 1 | |
5 total
» buildings
| Altar of Elders | 1 | |
| Moon Well | 12 | |
| Ancient of War | 2 | |
| Hunter's Hall | 4 | |
| Ancient Protector | 7 | |
| Tree of Ages | 2 | |
| Ancient of Wonders | 4 | |
| Ancient of Lore | 7 | |
| Tree of Life | 1 | |
| Tree of Eternity | 2 | |
42 total
» build order
00:09 Altar of Elders
00:16 Moon Well
00:40 Ancient of War
01:35 Moon Well
02:30 Hunter's Hall
03:45 Ancient of War
04:07 Hunter's Hall
04:30 Hunter's Hall
04:38 Moon Well
05:35 Ancient Protector
06:42 Tree of Ages
06:50 Ancient of Wonders
07:58 Ancient Protector
08:01 Ancient Protector
08:11 Ancient Protector
12:05 Moon Well
12:08 Moon Well
14:32 Hunter's Hall
14:39 Moon Well
15:01 Moon Well
17:04 Ancient of Lore
17:08 Ancient of Lore
17:17 Ancient of Lore
17:27 Ancient of Lore
21:24 Moon Well
21:41 Moon Well
21:51 Ancient of Lore
21:54 Ancient Protector
21:58 Moon Well
22:09 Moon Well
23:00 Ancient of Wonders
24:58 Ancient Protector
25:04 Ancient Protector
26:38 Ancient of Lore
32:04 Moon Well
32:23 Tree of Life
32:27 Ancient of Wonders
33:35 Ancient of Lore
33:41 Tree of Eternity
35:43 Tree of Ages
37:55 Ancient of Wonders
38:08 Tree of Eternity
» items
| Scroll of Town Portal | 5 | |
| Potion of Healing | 2 | |
| Potion of Lesser Invulnerability | 1 | |
| Periapt of Vitality | 2 | |
10 total
ImNotAFK (
red | 44 APM | 1736 actions | 39:15)
7 Paladin
1 Divine Shield
3 Holy Light
2 Devotion Aura
1 Resurrection
» actions
| Assign group hotkey | 33 | |
| Basic commands | 64 | |
| Build / train | 68 | |
| Enter build submenu | 37 | |
| Enter hero's abilities submenu | 7 | |
| Right click | 565 | |
| Select / deselect | 317 | |
| Select group hotkey | 540 | |
| Use ability | 105 | |
1736 total
» units
» upgrades
| Masonry | 3 | |
| Lumber Harvesting | 1 | |
| Swords | 3 | |
| Plating | 3 | |
| Priest Training | 2 | |
| Animal War Training | 1 | |
| Magic Sentry | 1 | |
14 total
» buildings
| Keep | 1 | |
| Lumber Mill | 1 | |
| Scout Tower | 22 | |
| Altar of Kings | 1 | |
| Arcane Tower | 2 | |
| Guard Tower | 9 | |
| Barracks | 2 | |
| Blacksmith | 1 | |
| Farm | 7 | |
| Castle | 1 | |
| Arcane Sanctum | 2 | |
| Arcane Vault | 2 | |
| Town Hall | 1 | |
52 total
» build order
15:01 Keep
15:05 Lumber Mill
15:09 Scout Tower
15:10 Scout Tower
15:14 Scout Tower
15:16 Scout Tower
15:26 Scout Tower
15:27 Scout Tower
15:27 Scout Tower
15:28 Scout Tower
15:30 Scout Tower
15:48 Altar of Kings
16:04 Arcane Tower
16:07 Guard Tower
16:10 Guard Tower
16:12 Guard Tower
16:17 Guard Tower
16:59 Barracks
17:02 Barracks
17:10 Blacksmith
17:23 Farm
17:24 Farm
17:29 Farm
17:32 Farm
18:55 Castle
19:00 Arcane Sanctum
19:03 Arcane Sanctum
20:11 Farm
20:13 Farm
20:16 Farm
26:32 Arcane Vault
32:46 Town Hall
32:50 Scout Tower
32:51 Scout Tower
32:51 Scout Tower
32:51 Scout Tower
32:53 Scout Tower
32:53 Scout Tower
32:54 Scout Tower
32:56 Scout Tower
32:58 Arcane Vault
33:17 Guard Tower
33:17 Guard Tower
33:20 Guard Tower
33:34 Scout Tower
33:35 Scout Tower
33:35 Scout Tower
33:36 Scout Tower
33:38 Scout Tower
33:51 Guard Tower
34:08 Guard Tower
35:40 Arcane Tower
» items
| Scroll of Regeneration | 2 | |
| Scroll of Town Portal | 2 | |
| Staff of Sanctuary | 1 | |
| Orb of Fire | 1 | |
| Dust of Appearance | 1 | |
| Boots of Speed | 1 | |
| Periapt of Vitality | 1 | |
9 total
MexicanPower (
teal | 17 APM | 675 actions | 39:14)
5 Archmage
1 Summon Water Elemental
2 Blizzard
2 Brilliance Aura
» actions
| Basic commands | 8 | |
| Build / train | 87 | |
| Enter build submenu | 23 | |
| Enter hero's abilities submenu | 5 | |
| Remove unit from queue | 1 | |
| Right click | 250 | |
| Select / deselect | 230 | |
| Use ability | 71 | |
675 total
» units
| Peasant | 14 | |
| Footman | 5 | |
| Flying Machine | 5 | |
| Mortar Team | 19 | |
| Priest | 3 | |
| Sorceress | 3 | |
| Rifleman | 8 | |
57 total
» upgrades
| Flare | 1 | |
| Priest Training | 1 | |
| Sorceress Training | 1 | |
| Gunpowder | 2 | |
| Armor | 1 | |
| Lumber Harvesting | 1 | |
7 total
» buildings
| Farm | 11 | |
| Keep | 1 | |
| Altar of Kings | 1 | |
| Scout Tower | 2 | |
| Barracks | 1 | |
| Blacksmith | 1 | |
| Arcane Tower | 1 | |
| Lumber Mill | 1 | |
| Arcane Vault | 1 | |
| Workshop | 2 | |
| Arcane Sanctum | 1 | |
| Guard Tower | 1 | |
24 total
» build order
01:01 Farm
01:53 Farm
02:30 Keep
02:35 Altar of Kings
02:42 Scout Tower
02:50 Barracks
03:22 Blacksmith
03:26 Arcane Tower
03:44 Lumber Mill
03:56 Farm
04:09 Farm
04:55 Arcane Vault
05:06 Workshop
06:05 Farm
06:13 Scout Tower
06:30 Arcane Sanctum
07:10 Guard Tower
07:17 Workshop
08:01 Farm
12:16 Farm
12:27 Farm
20:42 Farm
20:47 Farm
20:54 Farm
» items
| Scroll of Regeneration | 2 | |
| Lesser Clarity Potion | 2 | |
| Mechanical Critter | 2 | |
| Potion of Healing | 3 | |
| Scroll of Town Portal | 3 | |
| Potion of Lesser Invulnerability | 1 | |
13 total
team 2 (loser)
NaiLz7768 (
pink | 47 APM | 1859 actions | 39:14)
5 Blademaster
3 Wind Walk
2 Critical Strike
4 Shadow Hunter
2 Healing Wave
2 Hex
» actions
| Assign group hotkey | 10 | |
| Basic commands | 1 | |
| Build / train | 87 | |
| ESC pressed | 3 | |
| Enter build submenu | 33 | |
| Enter hero's abilities submenu | 9 | |
| Give item / drop item | 4 | |
| Remove unit from queue | 3 | |
| Right click | 794 | |
| Select / deselect | 260 | |
| Select group hotkey | 535 | |
| Use ability | 120 | |
1859 total
» units
| Peon | 12 | |
| Wind Rider | 16 | |
| Raider | 12 | |
| Shaman | 2 | |
42 total
» upgrades
| Ranged Weapons | 2 | |
| Spiked Barricades | 4 | |
| Melee Weapons | 3 | |
| Ensnare | 1 | |
| Pillage | 1 | |
| Armor | 3 | |
| Reinforced Defenses | 1 | |
| Shaman Training | 2 | |
| Envenomed Spears | 1 | |
18 total
» buildings
| Altar of Storms | 2 | |
| Orc Burrow | 6 | |
| Voodoo Lounge | 3 | |
| Stronghold | 1 | |
| War Mill | 1 | |
| Beastiary | 3 | |
| Great Hall | 1 | |
| Fortress | 1 | |
| Spirit Lodge | 3 | |
| Watch Tower | 7 | |
| Scout Tower | 4 | |
| Guard Tower | 2 | |
34 total
» build order
00:12 Altar of Storms
00:21 Orc Burrow
01:06 Voodoo Lounge
02:03 Stronghold
02:29 Orc Burrow
03:06 Orc Burrow
03:14 War Mill
04:26 Beastiary
04:28 Beastiary
06:32 Orc Burrow
08:03 Orc Burrow
15:39 Great Hall
15:48 Fortress
16:50 Orc Burrow
20:00 Spirit Lodge
20:05 Spirit Lodge
20:19 Watch Tower
20:43 Watch Tower
21:16 Watch Tower
21:21 Watch Tower
22:16 Spirit Lodge
24:20 Watch Tower
24:31 Voodoo Lounge
24:46 Beastiary
26:18 Watch Tower
26:21 Voodoo Lounge
33:00 Watch Tower
33:34 Scout Tower
33:45 Guard Tower
33:47 Scout Tower
33:59 Guard Tower
34:01 Scout Tower
34:03 Scout Tower
36:16 Altar of Storms
» items
| Healing Salve | 1 | |
| Lesser Clarity Potion | 2 | |
| Scroll of Town Portal | 2 | |
| Scroll of Speed | 1 | |
| Orb of Lightning | 2 | |
| Tiny Great Hall | 1 | |
9 total
GodSuckMyDikHO (
blue | 67 APM | 2069 actions | 30:57)
3 Blademaster
1 Wind Walk
1 Mirror Image
1 Critical Strike
» actions
| Basic commands | 13 | |
| Build / train | 112 | |
| Enter build submenu | 21 | |
| Enter hero's abilities submenu | 4 | |
| Give item / drop item | 1 | |
| Right click | 1617 | |
| Select / deselect | 232 | |
| Use ability | 69 | |
2069 total
» units
| Peon | 16 | |
| Raider | 13 | |
| Shaman | 11 | |
| Kodo Beast | 2 | |
| Troll Batrider | 25 | |
67 total
» upgrades
| Pillage | 1 | |
| Spiked Barricades | 2 | |
| Melee Weapons | 2 | |
| Armor | 2 | |
| Ensnare | 1 | |
| Shaman Training | 2 | |
| War Drums Damage Increase | 1 | |
| Liquid Fire | 1 | |
| Reinforced Defenses | 1 | |
13 total
» buildings
| War Mill | 1 | |
| Orc Burrow | 8 | |
| Altar of Storms | 1 | |
| Watch Tower | 4 | |
| Voodoo Lounge | 1 | |
| Stronghold | 2 | |
| Beastiary | 4 | |
| Spirit Lodge | 1 | |
| Fortress | 2 | |
| Great Hall | 1 | |
25 total
» build order
00:05 War Mill
00:11 Orc Burrow
00:15 Orc Burrow
01:06 Altar of Storms
02:03 Watch Tower
02:21 Watch Tower
03:22 Watch Tower
04:32 Watch Tower
04:45 Orc Burrow
04:53 Voodoo Lounge
05:40 Orc Burrow
05:45 Orc Burrow
06:55 Stronghold
06:56 Stronghold
07:54 Orc Burrow
08:00 Orc Burrow
09:24 Beastiary
09:32 Beastiary
09:38 Spirit Lodge
14:01 Fortress
14:01 Fortress
21:20 Beastiary
21:28 Beastiary
21:52 Orc Burrow
26:46 Great Hall
» items
| Healing Salve | 1 | |
| Potion of Healing | 5 | |
| Potion of Mana | 5 | |
| Scroll of Speed | 5 | |
16 total

»
HiViBeS (
yellow | 62 APM | 1832 actions | 29:45)
5 Mountain King
3 Storm Bolt
2 Bash
4 Paladin
3 Holy Light
1 Devotion Aura
» actions
| Assign group hotkey | 23 | |
| Basic commands | 49 | |
| Build / train | 64 | |
| ESC pressed | 2 | |
| Enter build submenu | 15 | |
| Enter hero's abilities submenu | 9 | |
| Give item / drop item | 4 | |
| Right click | 909 | |
| Select / deselect | 481 | |
| Select group hotkey | 230 | |
| Use ability | 46 | |
1832 total
» units
| Peasant | 6 | |
| Footman | 9 | |
| Gryphon Rider | 6 | |
| Dragonhawk Rider | 2 | |
23 total
» upgrades
| Defend | 1 | |
| Lumber Harvesting | 2 | |
| Masonry | 3 | |
| Swords | 3 | |
| Armor | 3 | |
| Storm Hammers | 1 | |
| Animal War Training | 1 | |
| Cloud | 1 | |
15 total
» buildings
| Altar of Kings | 1 | |
| Barracks | 1 | |
| Farm | 7 | |
| Lumber Mill | 1 | |
| Arcane Vault | 1 | |
| Keep | 1 | |
| Blacksmith | 1 | |
| Scout Tower | 2 | |
| Arcane Tower | 1 | |
| Guard Tower | 1 | |
| Castle | 1 | |
| Gryphon Aviary | 2 | |
20 total
» build order
00:27 Altar of Kings
00:35 Barracks
00:50 Farm
01:19 Lumber Mill
01:37 Farm
02:15 Arcane Vault
02:29 Farm
03:40 Keep
04:02 Blacksmith
04:35 Scout Tower
04:43 Scout Tower
06:46 Farm
06:54 Farm
06:56 Farm
07:02 Farm
07:12 Arcane Tower
07:14 Guard Tower
08:45 Castle
08:55 Gryphon Aviary
09:16 Gryphon Aviary
» items
| Boots of Speed | 2 | |
| Circlet of Nobility | 2 | |
| Scroll of Regeneration | 3 | |
| Orb of Fire | 2 | |
| Lesser Clarity Potion | 2 | |
11 total

»
CommanderHexes (
orange | 31 APM | 961 actions | 30:49)
4 Blademaster
2 Wind Walk
2 Critical Strike
3 Shadow Hunter
2 Healing Wave
1 Serpent Ward
3 Tauren Chieftain
2 Endurance Aura
1 War Stomp
» actions
| Assign group hotkey | 13 | |
| Basic commands | 8 | |
| Build / train | 68 | |
| Enter build submenu | 24 | |
| Enter hero's abilities submenu | 10 | |
| Remove unit from queue | 9 | |
| Right click | 475 | |
| Select / deselect | 259 | |
| Select group hotkey | 13 | |
| Use ability | 82 | |
961 total
» units
| Peon | 8 | |
| Grunt | 7 | |
| Shaman | 8 | |
| Tauren | 5 | |
28 total
» upgrades
| Pillage | 1 | |
| Armor | 3 | |
| Melee Weapons | 3 | |
| Shaman Training | 2 | |
| Pulverize | 1 | |
| Witch Doctor Training | 1 | |
| Reinforced Defenses | 1 | |
| Spiked Barricades | 1 | |
13 total
» buildings
| Altar of Storms | 1 | |
| Orc Burrow | 8 | |
| Barracks | 2 | |
| Voodoo Lounge | 1 | |
| War Mill | 2 | |
| Stronghold | 1 | |
| Spirit Lodge | 1 | |
| Fortress | 1 | |
| Tauren Totem | 2 | |
| Beastiary | 1 | |
| Great Hall | 2 | |
| Watch Tower | 8 | |
30 total
» build order
00:12 Altar of Storms
00:25 Orc Burrow
00:34 Barracks
02:00 Orc Burrow
02:18 Voodoo Lounge
02:56 War Mill
04:10 Barracks
04:16 Orc Burrow
07:59 Stronghold
08:41 Orc Burrow
08:46 Orc Burrow
10:24 Spirit Lodge
10:26 Fortress
10:58 Orc Burrow
11:00 Orc Burrow
11:03 Orc Burrow
11:58 War Mill
13:15 Tauren Totem
13:19 Tauren Totem
23:12 Beastiary
26:33 Great Hall
26:38 Watch Tower
26:39 Watch Tower
26:41 Watch Tower
26:43 Watch Tower
26:45 Watch Tower
26:47 Watch Tower
26:48 Watch Tower
27:48 Great Hall
27:55 Watch Tower
» items
| Healing Salve | 3 | |
| Potion of Healing | 1 | |
| Orb of Lightning | 1 | |
5 total
Chat log
(00:08 / All) HiViBeS: glhf
(08:26 / Allies) JBGarrison72: b
(13:44 / All) NaiLz7768: teals morts are weak
(16:50 / Allies) ImNotAFK: If I last to tier 3 I 'll get knight priest
(17:11 / All) NaiLz7768: teals morts still weak
(17:20 / All) NaiLz7768: sad but true
(17:47 / Allies) ImNotAFK: lumber
(18:30 / Allies) ImNotAFK: wood
(18:43 / Allies) MexicanPower: gold me red
(19:22 / Allies) JBGarrison72: tp now
(21:39 / Allies) ImNotAFK: gold me for knight purp
(22:07 / Allies) ImNotAFK: no wisps in mine
(24:36 / Allies) ImNotAFK: they have expo
(26:24 / Allies) |R|R|n|n|R: JB 2000G
(26:50 / Allies) JBGarrison72: no gold mine tho so
(26:55 / All) NaiLz7768: teal morts STILL weak!!!
(27:00 / Allies) |R|R|n|n|R: NEED CHIM TO NUKE HIS EXPO
(27:02 / All) NaiLz7768: STILL!!!!!!!!!!!!
(27:07 / Allies) ImNotAFK: it only has one ytow
(27:08 / Allies) ImNotAFK: tower
(27:34 / Allies) |R|R|n|n|R: 100G?
(27:36 / Allies) MexicanPower: gold pls red
(27:42 / Allies) MexicanPower: i will give you wood
(27:52 / Allies) |R|R|n|n|R: 100G
(28:37 / Allies) MexicanPower: come green
(28:38 / Allies) ImNotAFK: the expo needs killed teal
(29:01 / Allies) JBGarrison72: starfall ready
(29:41 / Allies) ImNotAFK: me?
(30:26 / All) NaiLz7768: kids
(33:08 / Allies) ImNotAFK: if they had taken me out they would have won lawl
(34:16 / Allies) ImNotAFK: easy base
(36:24 / All) ImNotAFK: did none of your team scout my base?
(36:31 / All) NaiLz7768: i did
(36:42 / All) NaiLz7768: 347 towers
(36:50 / All) ImNotAFK: I was afk for like first 20 minutes
(37:00 / All) ImNotAFK: alt tabbed really